 Dungeon Crawl Stone Soup version 0.13-a0-2116-g5cefd36 (webtiles) character file.

92 Kae the Cudgeler (level 2, -8/39 HPs)
             Began as a Minotaur Berserker on June 27, 2013.
             Was a Believer of Trog.
             Mangled by a gnoll
             ... wielding a +0,+0 flail
              (11 damage)
             ... on Level 1 of the Dungeon.
             The game lasted 00:00:25 (617 turns).

Kae the Cudgeler (Minotaur Berserker)                Turns: 617, Time: 00:00:25

HP  -8/39        AC  2     Str 26      XL: 2   Next: 82%
MP   0/0         EV 12     Int  4      God: Trog [**....]
Gold 67          SH  0     Dex  9      Spells:  0 memorised,  1 level left

Res.Fire  : . . .   See Invis. : .   a - +0 mace
Res.Cold  : . . .   Warding    : .   b - +0 animal skin
Life Prot.: . . .   Conserve   : .   (no shield)
Res.Poison: .       Res.Corr.  : .   (helmet restricted)
Res.Elec. : .       Clarity    : .   (no cloak)
Sust.Abil.: . .     Spirit.Shd : .   (no gloves)
Res.Mut.  : .       Stasis     : .   (no boots)
Res.Rott. : .       Flight     : .   (no amulet)
Saprovore : . . .                    (no ring)
                                     (no ring)

@: berserking, very quick, not resistant to hostile enchantments, extremely
unstealthy
A: retaliatory headbutt, horns 2
a: Burn Spellbooks, Berserk, Trog's Hand, Renounce Religion


You were on level 1 of the Dungeon.
You worshipped Trog.
Trog was most pleased with you.
You were not hungry.

You visited 1 branch of the dungeon, and saw 1 of its levels.

You collected 47 gold pieces.

Inventory:

Hand weapons
 a - a +0,+0 mace (weapon)
Armour
 b - a +0 animal skin (worn)
Comestibles
 c - a bread ration
 k - a meat ration
Scrolls
 f - a scroll of fear {unknown}
 h - a scroll of random uselessness {unknown}
 i - a scroll of enchant weapon II {unknown}
 j - a scroll of remove curse {unknown}
Potions
 d - a potion of might {unknown}
 e - a potion of mutation {unknown}
 g - 2 potions of curing {unknown}


   Skills:
 + Level 3.9 Fighting
 * Level 4.0 Maces & Flails
 + Level 3.1 Armour
 + Level 2.5 Dodging


You had one spell level left.
You didn't know any spells.

Dungeon Overview and Level Annotations

Branches:
Dungeon (1/27)

Altars:


Innate Abilities, Weirdness & Mutations

You reflexively headbutt those who attack you in melee.
You have a pair of horns on your head.


Message History

You are too injured to fight recklessly!
You are too injured to fight recklessly!
You are too injured to fight recklessly!
You are too injured to fight recklessly!
You are too injured to fight recklessly!
You are too injured to fight recklessly!
Use which ability? (? or * to list)
You fail to use your ability.
The bat hits you but does no damage. The bat hits you.
* * * LOW HITPOINT WARNING * * *
The gnoll misses you. The bat barely misses you. You furiously retaliate!
You headbutt the bat.
You kill the bat!
Trog accepts your kill.
You see here a poisoned dart.
Use which ability? (? or * to list)
A red film seems to cover your vision as you go berserk!
You feel yourself moving faster!
You feel mighty!
You feel somewhat more hungry. The gnoll hits you with a flail!
You die...

.#..........#..........# #.....#.
.#..........#8...####..# #.....#.
##..........'....# #..# #)).....
.'..........'.)..# #..# #.....#.
♣#..........'....# #..# #.....#.
♣#.....§....#8.>.# #..# #.....#.
♣#..........###..# #..# #.....#.
♣#...≈≈≈§...# #.g# #..# #.....#.
###############.@# #..# #.....#.
#.....#.# #.##..# #..# #.....#.
##.##.#.# #.##..# #..# #.#####.
##.##.#.# #.##..# #.)# #.# #.
##.##.#.# #.##..# #..# #.#####.
##.##.#.####.##..####..###.#...#.
##...[..............>..........#.
#####.#.##...##..####..###.#...#.
..........[..##..# #..........#.


You could see a gnoll.

Vanquished Creatures
  An ooze (D:1)
  A ball python (D:1)
  5 bats (D:1)
  4 hobgoblins (D:1)
  A giant newt (D:1)
  5 goblins (D:1)
  2 kobolds (D:1)
  3 rats (D:1)
22 creatures vanquished.

Notes
Turn   | Place    | Note
--------------------------------------------------------------
     0 | D:1      | Kae, the Minotaur Berserker, began the quest for the Orb.
     0 | D:1      | Reached XP level 1. HP: 19/19 MP: 0/0
   138 | D:1      | Reached XP level 2. HP: 19/26 MP: 0/0
   240 | D:1      | Acquired Trog's second power
   501 | D:1      | Reached skill level 4 in Maces & Flails
   612 | D:1      | HP: 1/26 [bat (1)]
   617 | D:1      | Mangled by a gnoll

Action                   || total
-------------------------++-------
Melee: Mace              ||    46
Invok: Berserk           ||     1
